 Seeded DCSS version 0.24.1-14-gf8d2b509d9 (webtiles) character file.

Game seed: 12398309004814789253, levelgen mode: deterministic

15418 sahdkjhfkaj the Cleaver (level 12, -2/106 HPs)
             Began as a Minotaur Berserker on Oct 13, 2020.
             Was an Elder of Trog.
             Slain by an emperor scorpion (13 damage)
             ... on level 2 of the Lair of Beasts.
             The game lasted 00:24:51 (12406 turns).

sahdkjhfkaj the Cleaver (Minotaur Berserker)       Turns: 12406, Time: 00:24:52

Health: -2/106     AC: 19    Str: 26    XL:     12   Next: 1%
Magic:  15/15      EV: 11    Int:  4    God:    Trog [****..]
Gold:   268        SH:  4    Dex: 11    Spells: 11/11 levels left

rFire    + . .     SeeInvis .   a - +0 war axe
rCold    + . .     Gourm    .   o - +0 buckler
rNeg     . . .     Faith    .   N - +1 plate armour "Qosofoos" {MR+}
rPois    +         Spirit   .   F - +0 hat
rElec    .         Reflect  .   z - scarf {rC+ rF+}
rCorr    .         Harm     .   r - +0 pair of gloves
MR       +....                  y - +1 pair of boots
Stlth    ..........             s - amulet of the acrobat
HPRegen  0.27/turn              C - ring of poison resistance
MPRegen  0.14/turn              (no ring)

@: lethally poisoned (-2 -> -27), berserk cooldown, slowed, very slow
A: retaliatory headbutt, horns 2
a: Berserk, Trog's Hand, Brothers in Arms, Renounce Religion


You were on level 2 of the Lair of Beasts.
You worshipped Trog.
Trog was greatly pleased with you.
You were very hungry.

You visited 2 branches of the dungeon, and saw 12 of its levels.

You collected 611 gold pieces.
You spent 343 gold pieces at shops.

Inventory:

Hand Weapons
 a - a +0 war axe (weapon)
 b - the +8 scimitar of the Briny Deep {slice, Int+4 Dex+6}
   (You bought it in a shop on level 4 of the Dungeon)

   It inflicts extra damage upon your enemies.
   It affects your intelligence (+4).
   It affects your dexterity (+6).
Missiles
 d - 395 stones
 l - 44 poisoned darts (quivered)
Armour
 o - a +0 buckler (worn)
 r - a +0 pair of gloves (worn)
 y - a +1 pair of boots (worn)
 z - a scarf of resistance (worn)
 F - a +0 hat (worn)
 N - the +1 plate armour "Qosofoos" (worn) {MR+}
   (You found it on level 10 of the Dungeon)

   It affects your resistance to hostile enchantments.
Jewellery
 s - an amulet of the acrobat (around neck)
 C - a ring of poison resistance (left hand)
 K - an uncursed ring of fire
Wands
 p - a wand of enslavement (4)
 v - a wand of iceblast (17)
 w - a wand of random effects (49)
 B - a wand of flame (1)
 G - a wand of paralysis (8)
 J - a wand of polymorph (4)
 M - a wand of acid (9)
Scrolls
 g - 5 scrolls of enchant armour {enchant armour, unknown}
 h - 5 scrolls of teleportation
 k - 3 scrolls of amnesia
 m - 2 scrolls of fear
 x - 3 scrolls of magic mapping
 D - a scroll of fog
 H - a scroll of enchant weapon
 I - 4 scrolls of immolation
 L - a scroll of remove curse
Potions
 e - 2 potions of heal wounds
 i - a potion of agility
 j - 5 potions of curing
 n - a potion of cancellation
 q - a potion of haste
 t - 2 potions of might
 u - 2 potions of berserk rage
 E - a potion of mutation
Comestibles
 c - 19 rations


   Skills:
 + Level 10.1 Fighting
 - Level 8.0 Long Blades
 * Level 12.3 Axes
 + Level 9.8 Armour
 + Level 9.0 Dodging
 - Level 4.1 Shields
 + Level 5.6 Evocations


You had 11 spell levels left.
You didn't know any spells.
Your spell library was empty.

Dungeon Overview and Level Annotations

Branches:
Dungeon (10/15)            Temple (0/1) D:7            Lair (2/6) D:10
  Swamp: Lair:2-4    Shoals: Lair:2-4     Snake: Lair:2-4    Spider: Lair:2-4
    Orc: D:9-12

Altars:
Elyvilon
Gozag
Makhleb
Vehumet
Zin
The Shining One

Shops:
D:4 *   D:7 *   D:8 !

Annotations:
Lair:2 exclusion: 2 oklob plants, Qucvyi Areg's ghost, journeyman DrTm


Innate Abilities, Weirdness & Mutations

You reflexively headbutt those who attack you in melee.
You have a pair of horns on your head.


Message History

You closely miss the emperor scorpion. You headbutt the emperor scorpion!
The emperor scorpion is almost dead.
You feel sick. The emperor scorpion stings you!!
* * * LOW HITPOINT WARNING * * *
The emperor scorpion claws you.
* * * LOW HITPOINT WARNING * * *
The emperor scorpion claws you but does no damage.
You closely miss the emperor scorpion.
The emperor scorpion is almost dead.
* * * LOW HITPOINT WARNING * * *
You feel sick.
Unknown command.
You slash the emperor scorpion!
The emperor scorpion is almost dead.
You are no longer berserk.
You are exhausted.
You feel yourself slow down.
* * * LOW HITPOINT WARNING * * *
You feel sick. The emperor scorpion stings you!
You die...

...................### .......
...P......^.........# ##.....
...#......:.P.......# #....##
...#........#.....### ##..## #
...#.......%P....#.. ###..## #
...................# ##.....# #
...#..#.PP##.......# ##..#..## ##
...)..............# ##.##...####.
...............s@.###.###........
.................................
#PPPPP#..........................
#..PlP####.###...#######.########
. #.### ### # ##


You could see an emperor scorpion.

Vanquished Creatures
  Gastronok (D:8)
  3 two-headed ogres
  A black mamba (Lair:1)
  A hornet (D:8)
  A gargoyle (D:10)
  A spiny frog (Lair:2)
  A rime drake (Lair:2)
  3 komodo dragons
  A troll (D:9)
  Grinder (D:4)
  5 slime creatures (D:9)
  2 hippogriffs
  12 yaks
  Sigmund (D:3)
  A basilisk (Lair:2)
  A human (D:8)
  3 hogs (D:8)
  A hungry ghost (D:10)
  2 porcupines (Lair:1)
  A water moccasin (Lair:2)
  3 sky beasts
  4 orc warriors
  An ice beast (D:5)
  A phantom (D:8)
  5 ogres
  The ghost of Sweeb the Shield-Bearer, an amateur FoFi (D:4)
  3 centaurs
  2 crocodiles
  A big kobold (D:8)
  2 wyvern zombies
  10 bullfrogs
  3 scorpions
  12 killer bees
  2 crimson imps (D:7)
  A bullfrog zombie (D:8)
  7 hounds
  10 orc wizards
  A centaur skeleton (D:6)
  3 orc priests
  Crazy Yiuf (D:4)
  3 bullfrog skeletons
  3 iguanas (D:6)
  6 worker ants
  2 hound skeletons
  A howler monkey zombie (D:6)
  7 gnolls
  A howler monkey skeleton (D:4)
  10 adders
  2 shadow imps (D:9)
  An adder skeleton (D:6)
  2 adder zombies
  3 dart slugs
  2 leopard geckos
  16 orcs
  5 ball pythons
  8 giant cockroaches
  8 goblins
  11 hobgoblins
  6 jackals
  10 kobolds
  7 quokkas
  3 bats
  5 frilled lizards
  A jackal skeleton (D:4)
  2 leopard gecko zombies (D:5)
  3 rats
  A fungus (Lair:2)
  2 plants
247 creatures vanquished.

Vanquished Creatures (collateral kills)
  Maurice (D:8)
1 creature vanquished.

Vanquished Creatures (others)
  2 fungi (Lair:2)
  5 plants
7 creatures vanquished.

Grand Total: 255 creatures vanquished

Notes
Turn   | Place    | Note
-------+----------+-------------------------------------------
     0 | D:1      | sahdkjhfkaj the Minotaur Berserker began the quest for the
                  | Orb.
     0 | D:1      | Reached XP level 1. HP: 19/19 MP: 0/0
   233 | D:1      | Reached XP level 2. HP: 25/27 MP: 1/1
   320 | D:1      | Reached skill level 4 in Axes
   451 | D:1      | Reached XP level 3. HP: 33/33 MP: 2/2
   454 | D:1      | Reached ** piety under Trog
   818 | D:2      | Found an opulent altar of Gozag.
   849 | D:2      | Noticed a sky beast
   873 | D:1      | Killed a sky beast
   873 | D:1      | Reached skill level 5 in Axes
   873 | D:1      | Reached XP level 4. HP: 41/41 MP: 3/3
   873 | D:1      | Reached XP level 5. HP: 47/47 MP: 4/4
  1415 | D:3      | Found Zin's Purification Station.
  1415 | D:3      | Found a glowing silver altar of Zin.
  1425 | D:3      | Noticed Sigmund
  1426 | D:3      | Bought a potion of curing for 90 gold pieces
  1434 | D:3      | Killed Sigmund
  1434 | D:3      | Reached skill level 6 in Axes
  1434 | D:3      | Reached XP level 6. HP: 55/55 MP: 5/5
  1560 | D:3      | Reached skill level 5 in Fighting
  1771 | D:3      | Found a glowing golden altar of the Shining One.
  1987 | D:4      | Found Oneghaaz's Assorted Antiques.
  2280 | D:4      | Reached XP level 7. HP: 61/61 MP: 6/6
  2356 | D:4      | Noticed Grinder
  2365 | D:4      | Paralysed by Grinder for 5 turns
  2387 | D:4      | Killed Grinder
  2387 | D:4      | Reached skill level 7 in Axes
  2387 | D:4      | Reached skill level 5 in Armour
  2586 | D:4      | Found a runed translucent door.
  2587 | D:4      | Noticed Crazy Yiuf
  2640 | D:4      | Found a runed translucent door.
  2640 | D:4      | Noticed Sweeb's ghost (amateur FoFi)
  2718 | D:4      | Killed Sweeb's ghost
  3082 | D:4      | Lost intelligence.
  3128 | D:4      | Bought a scroll labeled RIUPNUDGH TUICZAE for 23 gold
                  | pieces
  3128 | D:4      | Bought a scroll labeled CODAMN PU QIAQ for 23 gold pieces
  3361 | D:4      | Killed Crazy Yiuf
  3361 | D:4      | Reached XP level 8. HP: 59/70 MP: 3/7
  3398 | D:5      | Entered Level 5 of the Dungeon
  3481 | D:5      | Reached skill level 8 in Axes
  3481 | D:5      | Reached skill level 5 in Dodging
  3481 | D:5      | Reached skill level 1 in Evocations
  3586 | D:5      | Found a white marble altar of Elyvilon.
  3705 | D:5      | Reached skill level 1 in Shields
  4888 | D:6      | Reached XP level 9. HP: 65/77 MP: 9/11
  4890 | D:6      | Reached skill level 5 in Evocations
  5422 | D:7      | Found a staircase to the Ecumenical Temple.
  5709 | D:7      | Found a burning altar of Makhleb.
  5709 | D:7      | Found a radiant altar of Vehumet.
  5778 | D:7      | Found Gunimm's Lightly-Used Armoury.
  5845 | D:4      | Bought a polished scimitar for 207 gold pieces
  5845 | D:4      | Identified the +8 scimitar of the Briny Deep {slice, Int+4
                  | Dex+6} (You bought it in a shop on level 4 of the Dungeon)
  6178 | D:7      | Reached skill level 1 in Long Blades
  6282 | D:8      | Reached *** piety under Trog
  6343 | D:8      | Reached skill level 9 in Axes
  6397 | D:8      | Noticed Gastronok
  6411 | D:8      | Killed Gastronok
  6411 | D:8      | Reached skill level 5 in Long Blades
  6411 | D:8      | Reached XP level 10. HP: 88/88 MP: 12/12
  6592 | D:8      | Noticed Maurice
  6604 | D:8      | Paralysed by something for 2 turns
  6613 | D:8      | Killed Maurice
  6790 | D:8      | Found Gyur's Distillery.
  6797 | D:8      | Noticed a two-headed ogre
  6812 | D:8      | Killed a two-headed ogre
  7209 | D:8      | Reached skill level 10 in Axes
  7772 | D:9      | Reached XP level 11. HP: 91/95 MP: 13/13
  9717 | D:10     | Entered Level 10 of the Dungeon
  9736 | D:10     | Noticed a two-headed ogre
  9743 | D:10     | Killed a two-headed ogre
  9743 | D:10     | Reached skill level 11 in Axes
  9744 | D:10     | Found a staircase to the Lair.
  9865 | D:10     | Reached **** piety under Trog
  9963 | D:10     | Noticed a two-headed ogre
  9973 | D:10     | Killed a two-headed ogre
 10335 | D:10     | Received a gift from Trog
 10351 | D:10     | Got a bloodstained plate armour
 10362 | D:10     | Identified the cursed +1 plate armour "Qosofoos" {MR+} (You
                  | found it on level 10 of the Dungeon)
 10804 | Lair:1   | Entered Level 1 of the Lair of Beasts
 10972 | Lair:1   | Reached skill level 10 in Fighting
 10972 | Lair:1   | Reached skill level 12 in Axes
 11923 | Lair:2   | Noticed an oklob plant
 11923 | Lair:2   | Noticed an oklob plant
 11930 | Lair:2   | Found a transporter.
 11981 | Lair:2   | Noticed Qucvyi Areg's ghost (journeyman DrTm)
 12024 | Lair:2   | Noticed a seven-headed hydra
 12025 | Lair:2   | Found a transporter.
 12359 | Lair:2   | Reached XP level 12. HP: 101/106 MP: 15/15
 12376 | Lair:2   | Noticed an emperor scorpion
 12376 | Lair:2   | a seven-headed hydra changed into an emperor scorpion
 12406 | Lair:2   | Slain by an emperor scorpion

Levels and vault maps discovered:
D:1:      minmay_arrival_loop, layout_rooms
D:2:      layout_rooms, grunt_gozag_statues, first_ration, hangedman_glass_teeth
D:3:      layout_rooms, zin_purify, lemuel_doored_altar, uniq_sigmund
D:4:      layout_basic, serial_shops, nicolae_shop_waterfront,
          ebering_ghost_reflecting_pool, uniq_grinder, uniq_crazy_yiuf_cottage
D:5:      layout_basic, elyvilon_altar_5
D:6:      layout_gridville
D:7:      layout_loops_ring, grunt_temple_overflow_lords_of_destruction,
          minmay_temple_entry_junction, minmay_shop_damaged
D:8:      layout_cave_pods, serial_shops, nicolae_shop_stone, grunt_livestock,
          uniq_gastronok, uniq_maurice
D:9:      layout_loops_ring, minmay_misc_feat_roman
D:10:     layout_long_grid, david_lair_shrubbed
Lair:1:   layout_loops_ring, serial_bayou_pond_c, beast_lair_carwin_2
Lair:2:   layout_chaotic_city, gammafunk_ghost_arena, beast_lair_carwin_9,
          grunt_megastairs_3, minmay_lair_oklob_chamber

Skill      XL: |  1  2  3  4  5  6  7  8  9 10 11 |
---------------+----------------------------------+-----
Axes           | 4 5 6 7 8 9 10 12 | 12.3
Fighting       | 4 5 6 7 8 10 | 10.1
Armour         | 3 4 5 7 8 9 |  9.8
Dodging        | 3 4 5 6 7 9 |  9.0
Evocations     | 4 5 |  5.6
Shields        | 4 |  4.1
Long Blades    | 5 7 8 |  8.0

Action                   |  1- 3 |  4- 6 |  7- 9 | 10-12 || total
-------------------------+-------+-------+-------+-------++-------
Melee: Hand axe          |    58 |   116 |   265 |    68 ||   507
       Headbutt          |     9 |    17 |    56 |    96 ||   178
       Scimitar          |       |       |    11 |    95 ||   106
       War axe           |       |       |       |   185 ||   185
Throw: Stone             |    13 |       |       |       ||    13
       Dart              |       |       |       |     2 ||     2
Invok: Berserk           |     1 |     1 |     7 |     6 ||    15
       Trog's Hand       |       |     3 |       |       ||     3
Evoke: Wand              |       |       |       |     6 ||     6
  Use: Scroll            |       |     1 |    11 |     7 ||    19
  Eat: Chunk             |       |     4 |    12 |    18 ||    34
       Ration            |       |     1 |     3 |     2 ||     6
Armor: Chain mail        |    34 |    61 |   193 |    44 ||   332
       Plate armour      |       |       |       |   118 ||   118
Dodge: Dodged            |    20 |    57 |   176 |   172 ||   425
Block: Buckler           |       |       |    58 |    70 ||   128
       Rpst.: Scimitar   |       |       |    10 |    10 ||    20
